Map: Cyber Forest LE

Players

TIME (Oliveira) - Winner!

  • Race: Terran Terran
  • Spawn Location: 5:00

SortOf

  • Race: Zerg Zerg
  • Spawn Location: 11:00

Event: 2019 WCS Spring

VOD

Have the link to the VOD?

Description

Time

  • Played on: May 18, 2019, 11:30 a.m.
  • Length: 14:21

All games in this series

Show
View Real Time Build Order
Export as new Build Order

TIME Terran - Winner!

Build Orders: Liberator Opening, Reaper Expand 

Get SALT Encoding   

  12  0:01  SCV  
  13  0:13  SCV  
  14  0:17  Supply Depot  
  14  0:25  SCV  
  15  0:39  SCV  
  15  0:40  Barracks  
  16  0:44  Refinery  
  16  0:51  SCV  
  17  1:03  SCV  
  18  1:15  SCV  
  19  1:28  Reaper, Orbital Command  
  20  1:40  Command Center  
  20  1:47  Supply Depot  
  20  1:55  SCV  
  20  2:00  Marine  
  22  2:07  SCV  
  22  2:08  Factory  
  23  2:12  Refinery  
  23  2:19  SCV  
  23  2:21  Barracks Reactor  
  24  2:31  SCV  
  25  2:43  SCV  
  26  2:53  Orbital Command  
  26  2:55  SCV, Starport  
  27  3:00  Hellion x2  
  27  3:03  Marine  
  32  3:07  SCV  
  33  3:20  SCV  
  33  3:21  SCV  
  33  3:22  Hellion x2  
  33  3:24  Marine  
  33  3:25  Supply Depot  
  40  3:33  SCV x2, Medivac  
  44  3:40  Armory  
  44  3:45  Hellion  
  44  3:48  Hellion  
  48  3:49  SCV, Liberator  
  48  3:52  Supply Depot  
  48  3:54  SCV  
  53  4:14  Hellion x2  
  53  4:16  Supply Depot  
  57  4:17  Barracks Tech Lab  
  57  4:19  SCV  
  57  4:24  SCV  
  59  4:33  SCV  
  59  4:35  Hellion  
  64  4:38  Hellion  
  64  4:41  SCV  
  64  4:42  Command Center  
  64  4:43  Marine  
  64  4:45  SCV  
  67  4:46  Stimpack  
  67  4:53  SCV  
  67  4:57  SCV  
  65  5:01  Marine  
  65  5:04  Starport Reactor  
  65  5:06  Barracks x2  
  65  5:09  SCV  
  66  5:15  Engineering Bay  
  66  5:16  SCV, Factory Tech Lab  
  66  5:17  Engineering Bay, Supply Depot  
  66  5:19  Marine  
  67  5:26  Refinery  
  67  5:27  Refinery  
  67  5:31  SCV  
  67  5:32  SCV  
  66  5:36  Siege Tank  
  66  5:37  Marine  
  66  5:41  Terran Infantry Weapons Level 1  
  70  5:44  SCV, Terran Infantry Armor Level 1  
  70  5:45  SCV  
  70  5:48  Starport Reactor  
  72  5:54  Marine x3  
  72  5:56  SCV  
  72  5:57  Orbital Command  
  76  5:58  SCV  
  76  6:01  Marine x2  
  79  6:09  SCV  
  80  6:11  Marine, Siege Tank, Supply Depot  
  80  6:12  Marine x2  
  80  6:15  SCV  
  87  6:22  Marine x2  
  87  6:25  Medivac x2, Orbital Command  
  93  6:32  Marine x2  
  93  6:33  SCV  
  93  6:34  SCV  
  93  6:39  Marine  
  98  6:43  Marine  
  98  6:45  SCV  
  100  6:47  Supply Depot  
  100  6:48  Supply Depot  
  100  6:49  Siege Tank  
  100  6:50  Marine  
  100  6:51  Marine  
  100  6:53  Marine  
  98  6:56  Marine  
  98  6:57  Medivac  
  98  6:58  Combat Shield  
  101  7:01  Supply Depot  
  101  7:09  SCV x3, Medivac  
  101  7:10  Supply Depot, Marine x2  
  101  7:14  Marine  
  109  7:17  Supply Depot  
  109  7:19  Marine x2  
  109  7:21  SCV  
  112  7:23  SCV  
  113  7:31  Marine  
  113  7:33  Marine x2  
  112  7:38  Marine  
  112  7:39  Siege Tank, Marine  
  112  7:40  Medivac x2  
  112  7:41  SCV  
  112  7:42  SCV  
  112  7:43  Barracks  
  116  7:44  SCV, Refinery x2  
  116  7:46  Barracks  
  113  7:52  Marine x2  
  113  7:53  Marine  
  113  7:56  Terran Infantry Weapons Level 2, Marine x2  
  118  8:03  SCV x3  
  117  8:09  Marine x2  
  117  8:11  Marine  
  119  8:13  Siege Tank  
  119  8:14  Marine x2  
  119  8:15  SCV  
  121  8:21  SCV  
  121  8:26  Liberator  
  114  8:27  Marine x2  
  114  8:28  Liberator  
  114  8:29  Terran Vehicle And Ship Armor Level 1, Marine  
  114  8:31  Command Center  
  114  8:32  Marine, Drilling Claws, Barracks Reactor  
  114  8:33  Factory  
  118  8:37  Marine  
  118  8:38  Barracks Reactor  
  118  8:39  Sensor Tower  
  119  8:45  Marine  
  126  8:55  Marine  
  126  8:56  Marine  
  126  8:57  Marine x2  
  126  8:58  Siege Tank  
  133  9:03  Marine  
  130  9:13  SCV x2, Marine x2  
  130  9:14  Marine  
  130  9:15  Marine  
  130  9:16  Marine x2  
  129  9:17  Factory Reactor  
  129  9:20  Terran Infantry Armor Level 2, Marine x2  
  129  9:22  Marine  
  132  9:31  Siege Tank, Marine x2  
  132  9:32  Sensor Tower, Marine x2  
  132  9:33  Marine  
  132  9:36  Marine  
  132  9:38  Marine  
  140  9:41  SCV  
  140  9:42  SCV x2  
  140  9:43  Marine x2  
  138  9:47  Sensor Tower  
  138  9:49  Medivac, Marine  
  138  9:50  Marine x2  
  138  9:51  Medivac  
  145  9:54  SCV  
  141  10:04  Marine x2  
  140  10:10  SCV x3  
  140  10:11  Widow Mine x3  
  140  10:14  Marine  
  150  10:19  Medivac  
  150  10:21  Marine x2  
  152  10:22  SCV  
  152  10:24  Marine  
  152  10:26  Medivac  
  156  10:30  Planetary Fortress  
  156  10:34  Terran Infantry Weapons Level 3  
  156  10:35  Marine  
  156  10:36  Widow Mine, Marine  
  156  10:37  SCV  
  151  10:45  Widow Mine x2, Marine  
  151  10:49  Supply Depot, Barracks  
  156  10:50  Supply Depot, Barracks x2  
  156  10:51  Supply Depot  
  156  11:11  Medivac, Marine x6  
  164  11:12  Widow Mine x2, Marine x3  
  164  11:15  Supply Depot  
  164  11:17  Terran Vehicle And Ship Armor Level 2  
  164  11:18  Command Center  
  170  11:29  Marine x5  
  177  11:34  Marine x3  
  177  11:44  Liberator x2  
  175  11:47  Marine x3  
  175  11:48  Barracks Tech Lab x3  
  176  11:57  Marine x2  
  176  11:58  Marine x2  
  176  12:00  Widow Mine  
  176  12:01  Widow Mine  
  176  12:03  Widow Mine  
  176  12:06  Refinery  
  176  12:07  Starport x2, Marine x2, Refinery  
  176  12:08  Marauder  
  182  12:09  Marine  
  182  12:10  Marauder, Marine  
  182  12:11  Marauder, Marine  
  182  12:15  Marine  
  186  12:17  Fusion Core  
  186  12:22  Widow Mine  
  187  12:29  Widow Mine  
  189  12:31  Supply Depot  
  189  12:32  Widow Mine  
  189  12:36  Marine  
  189  12:37  Marine x2  
  189  12:38  Marauder  
  189  12:40  Liberator  
  189  12:42  Marine  
  189  12:43  Marauder  
  193  12:46  Marine x2, Supply Depot  
  193  12:47  Marauder  
  193  12:48  Supply Depot  
  199  12:59  Starport Reactor, Liberator  
  198  13:06  Widow Mine  
  198  13:07  Starport Tech Lab  
  198  13:08  Marauder, Marine x2  
  195  13:15  Marine x2  
  195  13:16  Marauder  
  195  13:17  Planetary Fortress  
  195  13:25  Marine x2  
  195  13:26  Marauder  
  199  13:30  Marine  
  190  13:45  Marine  
  190  13:46  Marauder, Marine  
  155  13:56  Marine x3  
  155  13:57  Marauder x3, Marine x3  
  155  13:59  Widow Mine x2  
Show
View Real Time Build Order
Export as new Build Order

SortOf Zerg 

Build Orders: Hatch First 

Get SALT Encoding   

  12  0:01  Drone  
  13  0:12  Overlord  
  13  0:23  Drone  
  14  0:30  Drone x2  
  16  0:49  Hatchery  
  15  0:52  Drone  
  15  0:55  Drone  
  17  0:59  Drone  
  18  1:09  Extractor  
  17  1:15  Spawning Pool  
  16  1:20  Drone x2  
  18  1:28  Drone  
  19  1:39  Drone  
  20  1:50  Overlord  
  20  2:02  Queen x2  
  20  2:04  Zergling x4  
  26  2:14  Drone x2  
  28  2:24  Hatchery  
  28  2:27  Drone  
  28  2:30  Drone  
  28  2:33  Drone  
  28  2:35  Drone  
  31  2:47  Overlord  
  31  2:48  Metabolic Boost  
  31  2:51  Drone  
  31  2:55  Drone x2  
  34  3:00  Queen  
  36  3:07  Drone  
  36  3:08  Drone  
  36  3:09  Drone  
  39  3:13  Overlord  
  39  3:15  Drone  
  39  3:17  Drone  
  41  3:22  Queen, Drone  
  44  3:32  Overlord  
  44  3:34  Overlord  
  44  3:38  Baneling Nest  
  44  3:40  Queen  
  45  3:44  Drone x2  
  47  3:49  Queen  
  47  3:52  Drone  
  47  3:54  Zergling x4  
  52  3:57  Drone  
  52  3:59  Drone x2  
  55  4:06  Queen  
  57  4:10  Spore Crawler  
  57  4:11  Zergling x4  
  57  4:14  Overlord  
  57  4:16  Drone x2  
  60  4:18  Drone  
  60  4:20  Drone  
  60  4:22  Baneling x3  
  62  4:24  Baneling  
  62  4:27  Drone x2  
  62  4:30  Overlord  
  64  4:34  Zergling x2  
  63  4:38  Drone x3  
  63  4:43  Drone x2  
  67  4:50  Queen  
  67  4:52  Overlord  
  69  4:53  Zergling x8  
  69  4:59  Drone  
  72  5:01  Zergling x2, Drone x2  
  72  5:03  Drone x2  
  72  5:06  Lair, Extractor x2  
  75  5:09  Extractor  
  75  5:13  Evolution Chamber, Drone x2  
  75  5:20  Baneling x2  
  75  5:27  Drone x2  
  75  5:28  Drone  
  75  5:30  Drone x4  
  75  5:31  Drone  
  75  5:32  Drone x3  
  84  5:38  Drone x3  
  87  5:45  Evolution Chamber  
  87  5:48  Extractor x2  
  84  5:50  Drone  
  84  5:52  Drone x5  
  84  5:55  Zerg Ground Armor Level 1  
  90  5:57  Overlord  
  90  6:00  Hatchery  
  89  6:06  Hydralisk Den  
  89  6:07  Overlord  
  89  6:08  Drone x2  
  90  6:13  Zerg Melee Weapons Level 1  
  90  6:15  Overlord  
  90  6:19  Zergling x16  
  90  6:21  Overseer  
  98  6:30  Baneling, Zergling x4  
  98  6:31  Baneling x9  
  99  6:38  Muscular Augments  
  99  6:43  Zergling x8  
  99  6:44  Zergling x14  
  107  6:51  Zergling x4  
  106  6:56  Zergling x4  
  106  7:01  Zergling x2  
  108  7:07  Zergling x12  
  108  7:08  Baneling x3  
  113  7:14  Hydralisk x3  
  120  7:15  Zergling x2  
  120  7:17  Overlord x3  
  119  7:25  Centrifical Hooks  
  119  7:36  Hydralisk x9  
  116  7:38  Zergling x2  
  116  7:39  Zergling x2  
  130  7:45  Zergling x12  
  130  7:50  Zergling x8  
  124  7:52  Hydralisk  
  124  7:53  Zergling x2  
  121  8:01  Zergling x8  
  121  8:05  Zerg Ground Armor Level 2  
  124  8:07  Zerg Missile Weapons Level 1  
  120  8:19  Zergling x14  
  120  8:23  Zergling x4  
  121  8:32  Zergling x4  
  123  8:37  Hatchery  
  122  8:42  Baneling x5  
  122  8:45  Overlord  
  122  8:48  Hydralisk x3, Infestation Pit, Grooved Spines  
  122  8:49  Zergling x4  
  122  8:51  Overlord  
  122  8:52  Overlord  
  126  9:03  Zergling x6  
  123  9:13  Zergling x18  
  123  9:15  Baneling  
  123  9:16  Baneling x7  
  121  9:23  Hatchery  
  120  9:26  Hive  
  120  9:30  Baneling x8, Zergling x2  
  120  9:31  Zergling x8  
  122  9:43  Zergling x18  
  119  10:00  Zergling x8  
  119  10:01  Zerg Melee Weapons Level 2  
  119  10:04  Drone x3  
  126  10:15  Zergling x6  
  129  10:29  Hatchery  
  129  10:30  Baneling x6  
  129  10:31  Zergling x20  
  138  10:42  Zerg Ground Armor Level 3, Viper x3  
  136  10:43  Spire  
  144  10:52  Baneling x3, Zergling x2  
  145  10:59  Drone  
  145  11:00  Baneling, Drone x5  
  151  11:10  Overlord x4  
  151  11:13  Overlord  
  151  11:15  Baneling x4  
  151  11:20  Adrenal Glands  
  151  11:24  Overlord x2  
  151  11:32  Zergling x24  
  158  11:42  Zergling x8  
  157  11:48  Overseer  
  157  11:50  Zergling x6  
  160  11:59  Hatchery  
  155  12:03  Drone x10  
  163  12:12  Zergling x4  
  163  12:13  Overseer  
  161  12:18  Drone x2  
  161  12:19  Baneling  
  161  12:22  Greater Spire  
  162  12:24  Baneling x4  
  162  12:26  Hydralisk x5  
  171  12:38  Hydralisk x2  
  171  12:39  Zergling x4  
  177  12:46  Overlord x2, Extractor  
  175  12:56  Zergling x24  
  175  12:58  Pneumatized Carapace  
  183  13:03  Zergling x2  
  183  13:04  Baneling x6, Zergling x4  
  183  13:05  Baneling  
  179  13:09  Drone  
  173  13:16  Drone x3  
  173  13:17  Drone  
  176  13:23  Hatchery  
  176  13:26  Overseer  
  162  13:27  Overseer  
  162  13:36  Zergling x20  
  161  13:46  Zergling x12  
  152  13:52  Zergling x10  
  132  13:58  Zergling x8  
  131  14:04  Baneling x11  
Tags
 
Add a new tag
Caveats
  • Supply blocks, unpowered buildings, or Contaminate may cause inaccurate times.
  • Supply counts are checked every 10 seconds.